 Dungeon Crawl Stone Soup version 0.22.0-13-g43fe8f2 (webtiles) character file.

126 Loudmushroom the Skirmisher (level 4, -1/41 HPs)
             Began as a Minotaur Fighter on Aug 16, 2018.
             Slain by Grinder (8 damage)
             ... on level 3 of the Dungeon.
             The game lasted 00:11:50 (2395 turns).

Loudmushroom the Skirmisher (Minotaur Fighter)      Turns: 2395, Time: 00:11:51

Health: -1/41      AC:  7    Str: 21    XL:     4   Next: 84%
Magic:  3/3        EV:  7    Int:  5    God:
Gold:   150        SH:  9    Dex: 10    Spells: 3/3 levels left

rFire    . . .     SeeInvis .   a - +0 war axe
rCold    . . .     Gourm    .   c - +0 shield
rNeg     . . .     Faith    .   w - +0 scale mail
rPois    .         Spirit   .   (helmet restricted)
rElec    .         Reflect  .   (no cloak)
rCorr    .         Harm     .   (no gloves)
MR       .....                  (no boots)
Stlth    ..........             (no amulet)
HPRegen  0.13/turn              (no ring)
MPRegen  0.08/turn              (no ring)

@: no status effects
A: retaliatory headbutt, horns 2
a: no special abilities


You were on level 3 of the Dungeon.
You were not hungry.

You visited 1 branch of the dungeon, and saw 3 of its levels.

You collected 150 gold pieces.

Inventory:

Hand Weapons
 a - a +0 war axe (weapon)
 b - a +0 hunting sling
Missiles
 g - 154 stones (quivered)
 j - 41 arrows
 q - 14 sling bullets
 v - 36 bolts
Armour
 c - a +0 shield (worn)
 w - a +0 scale mail (worn)
Jewellery
 i - an uncursed amulet of the acrobat {unknown}
Wands
 x - a wand of digging (13)
Scrolls
 e - a scroll of enchant armour {unknown}
 h - 6 scrolls of identify {unknown}
 l - 4 scrolls of fog {unknown}
 m - 2 scrolls of fear {unknown}
 o - a scroll of teleportation {unknown}
 s - a scroll of magic mapping {unknown}
 u - a scroll of amnesia {unknown}
 y - a scroll of remove curse {unknown}
Potions
 d - a potion of might
 k - a potion of lignification {unknown}
 n - a potion of flight {unknown}
 p - a potion of heal wounds {unknown}
 r - 2 potions of curing {unknown}
Comestibles
 f - 4 rations


   Skills:
 + Level 4.4 Fighting
 * Level 4.3 Axes
 + Level 4.3 Armour
 + Level 4.4 Shields


You had 3 spell levels left.
You didn't know any spells.
Your spell library was empty.

Dungeon Overview and Level Annotations

Branches:
Dungeon (3/15)

Altars:

Annotations:
D:3 Grinder


Innate Abilities, Weirdness & Mutations

You reflexively headbutt those who attack you in melee.
You have a pair of horns on your head.


Message History

The frilled lizard bites you. Grinder hits you.
You writhe in agony.
The frilled lizard unfolds its giant frill.
The frilled lizard bites you but does no damage.
Grinder hits you.
You writhe in agony.
You can move again.
Your shield and scale mail prevent you from hitting Grinder.
You headbutt Grinder!
Grinder is moderately wounded.
You closely miss the frilled lizard. The frilled lizard barely misses you.
Grinder hits you!
* * * LOW HITPOINT WARNING * * *
You writhe in agony.
* * * LOW HITPOINT WARNING * * *
The frilled lizard barely misses you.
You hit Grinder. You headbutt Grinder.
Grinder is heavily wounded.
You closely miss the frilled lizard. You block Grinder's attack.
The frilled lizard bites you but does no damage.
Grinder hits you!
You die...

.............#
...........#.####.......
.....................>..
...........#.##.........
...###.......##.........
...####......##.........
.............##........)
..#####......##.5l......
......#......##.@.......
......##.#.#.#..........
#..........#.#..........
#..........#.#...##.....
#................# .....
+.....###..)†....# ..?.
#..... #...............
#..........#............
#..........#(.........


You could see Grinder and a frilled lizard.

Vanquished Creatures
  Ijyb (D:3)
  A worker ant (D:3)
  An adder (D:2)
  2 oozes (D:2)
  4 dart slugs
  4 leopard geckos
  3 ball pythons
  3 bats
  4 giant cockroaches
  7 goblins
  2 hobgoblins
  4 jackals
  4 frilled lizards
  6 kobolds
  4 rats
50 creatures vanquished.

Notes
Turn   | Place    | Note
-------+----------+-------------------------------------------
     0 | D:1      | Loudmushroom the Minotaur Fighter began the quest for the Orb.
     0 | D:1      | Reached XP level 1. HP: 19/19 MP: 0/0
   214 | D:1      | Reached XP level 2. HP: 27/27 MP: 1/1
   883 | D:2      | Reached XP level 3. HP: 26/33 MP: 2/2
  1798 | D:3      | Reached XP level 4. HP: 40/40 MP: 3/3
  1929 | D:3      | Noticed Ijyb
  1942 | D:3      | Killed Ijyb
  2376 | D:3      | Noticed Grinder
  2378 | D:3      | Paralysed by Grinder for 6 turns
  2388 | D:3      | Paralysed by Grinder for 6 turns
  2395 | D:3      | Slain by Grinder

Skill      XL: |  1  2  3  4 |
---------------+-------------+-----
Axes           | 3 4 |  4.3
Shields        | 4 |  4.4
Fighting       | 4 |  4.4
Armour         | 4 |  4.3

Action                   |  1- 3 |  4- 6 || total
-------------------------+-------+-------++-------
Melee: War axe           |    87 |    39 ||   126
       Headbutt          |     6 |     8 ||    14
 Fire: Hunting sling     |     3 |       ||     3
  Eat: Chunk             |     3 |     2 ||     5
Armor: Scale mail        |    35 |    21 ||    56
Dodge: Dodged            |    27 |    10 ||    37
Block: Shield            |    44 |    23 ||    67
